 Dungeon Crawl Stone Soup version 0.27.0-1-g7a089689b8 (webtiles) character file.

Game seed: 11616137550846184101

18158175 Caminho the Conqueror (level 27, 179/179 HPs)
             Began as a Gargoyle Gladiator on July 30, 2021.
             Was the Champion of the Shining One.
             Escaped with the Orb
             ... and 15 runes on July 31, 2021!
             The game lasted 03:33:38 (84959 turns).

Caminho the Conqueror (Gargoyle Gladiator)         Turns: 84959, Time: 03:33:39

Health: 179/179    AC: 78    Str: 32    XL:     27
Magic:  40/40      EV: 18    Int:  8    God:    the Shining One [******]
Gold:   5574       SH: 31    Dex: 19    Spells: 26/26 levels left

rFire    + + .     SeeInvis .   a - +9 broad axe (holy)
rCold    + . .     Faith    .   q - +1 tower shield {AC+3} {god gift}
rNeg     + + +     Spirit   .   z - +12 gold dragon scales
rPois    ∞         Reflect  +   (helmet restricted)
rElec    +         Harm     .   I - +1 cloak of Inviolability {rF+ Regen+ Dex+3 Slay+6}
rCorr    .         Rampage  .   t - +2 pair of gloves {Dex+3} {god gift}
Will     +++..                  g - +2 pair of boots
Stlth    ..........             k - amulet "Boss" {Reflect Drain rPois Str+4 SH+5}
HPRegen  1.39/turn              l - ring of willpower
MPRegen  0.27/turn              O - ring "Neseyh" {Slay+4 Stlth+}

@: flying, glowing, studying 2 skills
A: sickness immunity, AC +20, big wings, negative energy resistance 1,
electricity resistance, torment resistance 1, petrification resistance, antennae
1, beak, iridescent scales 2, dopey 2, frail 1, strong 1, subdued magic 1, noise
suppression
0: Orb of Zot
}: 15/15 runes: decaying, slimy, silver, golden, iron, obsidian, icy, bone,
abyssal, demonic, glowing, magical, fiery, dark, gossamer
a: Renounce Religion, Divine Shield, Cleansing Flame, Summon Divine Warrior


You escaped.
You worshipped the Shining One.
The Shining One was exalted by your worship.
You visited 17 branches of the dungeon, and saw 86 of its levels.
You visited Pandemonium 1 time, and saw 22 of its levels.
You visited the Abyss 2 times.
You also visited: Sewer, Bailey and Wizlab.

You collected 11601 gold pieces.
You spent 6027 gold pieces at shops.

Inventory:

Hand Weapons
 a - a +9 broad axe of holy wrath (weapon)
 w - a +4 flail of distortion {!w}
Missiles
 Z - a throwing net (quivered)
Armour
 c - a +2 helmet
 g - a +2 pair of boots (worn)
 q - a +1 tower shield of protection (worn) {god gift}
 t - a +2 pair of gloves of dexterity (worn) {god gift}
 z - +12 gold dragon scales (worn)
 I - the +1 cloak of Inviolability (worn) {rF+ Regen+ Dex+3 Slay+6}
   (You found it on level 7 of Cocytus)

   Dex:       It affects your dexterity (+3).
   Slay:      It affects your accuracy & damage with ranged weapons and melee
   (+6).
   rF:        It protects you from fire.
   Regen:     It increases your rate of health regeneration.
Jewellery
 f - a ring of protection from fire
 k - the amulet "Boss" (around neck) {Reflect Drain rPois Str+4 SH+5}
   (You found it on level 5 of the Vaults)

   [amulet of reflection]

   It reflects blocked missile attacks.
   Str:       It affects your strength (+4).
   rPois:     It protects you from poison.
   Drain:     It drains your maximum health when unequipped.
   SH:        It affects your SH (+5).
 l - a ring of willpower (left hand)
 m - a ring of willpower
 n - a +4 ring of protection
 r - the ring "Riylug" {Wiz rC+ Dex+4}
   (You found it on level 5 of the Pits of Slime)

   [ring of wizardry]

   It improves your spell success rate.
   Dex:       It affects your dexterity (+4).
   rC:        It protects you from cold.
 y - a +6 ring of strength
 C - the macabre finger necklace {rN+}
   (You found it on level 3 of the Crypt)

   [amulet of nothing]

   It enables you to equip an extra ring.
   rN:        It protects you from negative energy.
 G - the ring "Man Vyack" {Fire Str+3}
   (You found it on level 12 of the Dungeon)

   [ring of fire]

   It enhances your fire magic.
   Str:       It affects your strength (+3).
   rF:        It protects you from fire.
   rC:        It makes you vulnerable to cold.
 K - the ring "Hich" {+Blink rC- EV+4 Int+7}
   (You took it off a death knight on level 12 of the Dungeon)

   [ring of evasion]

   EV:        It affects your evasion (+4).
   Int:       It affects your intelligence (+7).
   rC:        It makes you vulnerable to cold.
   +Blink:    It lets you blink.
 L - the ring "Xemamp" {rElec rC+ Str+7 Int-2 SInv}
   (You took it off a deep elf pyromancer on level 12 of the Dungeon)

   [ring of protection from cold]

   Str:       It affects your strength (+7).
   Int:       It affects your intelligence (-2).
   rC:        It protects you from cold.
   rElec:     It insulates you from electricity.
   SInv:      It lets you see invisible.
 O - the ring "Neseyh" (right hand) {Slay+4 Stlth+}
   (You bought it in a shop on level 4 of the Depths)

   [ring of slaying]

   Slay:      It affects your accuracy & damage with ranged weapons and melee
   (+4).
   Stlth:     It makes you more stealthy.
 S - a ring of willpower
Wands
 e - a wand of charming (25)
 u - a wand of polymorph (12)
 A - a wand of acid (17)
 D - a wand of digging (2)
 P - a wand of paralysis (28)
 V - a wand of flame (27)
Scrolls
 s - 9 scrolls of fear
 v - a scroll of fog
 B - 3 scrolls of blinking {@r3}
 E - 4 scrolls of silence {!r}
 M - a scroll of magic mapping
 R - 41 scrolls of identify {@r1}
 T - 4 scrolls of teleportation {@r2}
 W - 7 scrolls of immolation
Potions
 d - 8 potions of heal wounds {@q2}
 h - 3 potions of mutation
 i - a potion of might {@q4}
 j - 6 potions of cancellation
 o - 2 potions of berserk rage
 p - 9 potions of attraction
 F - 9 potions of lignification
 H - a potion of haste {@q3}
 J - a potion of magic
 Q - 5 potions of curing {@q1}
Miscellaneous
 x - a phantom mirror
 N - a lightning rod (4/4)
 U - a phial of floods
 X - a box of beasts
 Y - a tin of tremorstones (2/2)


   Skills:
 O Level 27 Fighting
 - Level 18.0 Axes
 - Level 1.7 Throwing
 O Level 27 Armour
 + Level 21.1 Dodging
 - Level 20.0 Shields
 O Level 27 Invocations
 O Level 27 Evocations


You had 26 spell levels left.
You didn't know any spells.
Your spell library contained the following spells:

 Spells                   Type           Power      Damage    Failure   Level
 Animate Skeleton         Necr           0%         N/A       98%         1
 Apportation              Tloc           0%         N/A       98%         1
 Corona                   Hex            0%         N/A       98%         1
 Foxfire                  Conj/Fire      0%         2x1d4     98%         1
 Freeze                   Ice            0%         1d3       98%         1
 Magic Dart               Conj           0%         1d3       98%         1
 Pain                     Necr           0%         1d4       98%         1
 Sandblast                Erth           0%         2d4       98%         1
 Sting                    Tmut/Pois      0%         1d3       98%         1
 Summon Small Mammal      Summ           0%         N/A       98%         1
 Call Imp                 Summ           0%         N/A       99%         2
 Corpse Rot               Necr/Air       N/A        N/A       99%         2
 Ensorcelled Hibernation  Hex/Ice        0%         N/A       99%         2
 Passwall                 Tmut/Erth      0%         N/A       99%         2
 Poisonous Vapours        Pois/Air       0%         N/A       99%         2
 Searing Ray              Conj           0%         3d3       99%         2
 Slow                     Hex            0%         N/A       99%         2
 Static Discharge         Conj/Air       0%         N/A       99%         2
 Conjure Flame            Conj/Fire      0%         6-21      100%        3
 Frozen Ramparts          Ice            0%         1d2       100%        3
 Gell's Gravitas          Tloc           0%         N/A       100%        3
 Ignite Poison            Fire/Tmut/Pois 0%         N/A       100%        3
 Inner Flame              Hex/Fire       0%         N/A       100%        3
 Lesser Beckoning         Tloc           0%         N/A       100%        3
 Mephitic Cloud           Conj/Pois/Air  0%         N/A       100%        3
 Ozocubu's Armour         Ice            0%         N/A       100%        3
 Spider Form              Tmut/Pois      0%         N/A       100%        3
 Teleport Other           Tloc           0%         N/A       100%        3
 Airstrike                Air            0%         N/A       100%        4
 Animate Dead             Necr           0%         N/A       100%        4
 Cause Fear               Hex            0%         N/A       100%        4
 Dispel Undead            Necr           0%         3d6       100%        4
 Fulminant Prism          Conj/Hex       0%         3d6       100%        4
 Hailstorm                Conj/Ice       0%         3d3       100%        4
 Ice Form                 Ice/Tmut       0%         N/A       100%        4
 Olgreb's Toxic Radiance  Pois           0%         N/A       100%        4
 Petrify                  Tmut/Erth      0%         N/A       100%        4
 Sticky Flame             Conj/Fire      0%         2d3       100%        4
 Summon Ice Beast         Ice/Summ       0%         N/A       100%        4
 Summon Lightning Spire   Summ/Air       0%         N/A       100%        4
 Alistair's Intoxication  Tmut/Pois      0%         N/A       100%        5
 Bolt of Magma            Conj/Fire/Erth 0%         4d4       100%        5
 Borgnjor's Vile Clutch   Necr/Erth      0%         N/A       100%        5
 Fireball                 Conj/Fire      0%         3d3       100%        5
 Freezing Cloud           Conj/Ice/Air   0%         6-21      100%        5
 Irradiate                Conj/Tmut      0%         3d13      100%        5
 Iskenderun's Battlesphe  Conj           0%         2d6       100%        5
 Lee's Rapid Deconstruct  Erth           0%         3d5*      100%        5
 Lightning Bolt           Conj/Air       0%         1d11      100%        5
 Metabolic Englaciation   Hex/Ice        0%         N/A       100%        5
 Silence                  Hex/Air        0%         N/A       100%        5
 Summon Mana Viper        Hex/Summ       0%         N/A       100%        5
 Conjure Ball Lightning   Conj/Air       0%         3x3d6     100%        6
 Death Channel            Necr           0%         N/A       100%        6
 Dispersal                Tloc           0%         N/A       100%        6
 Eringya's Noxious Bog    Tmut/Pois      0%         N/A       100%        6
 Invisibility             Hex            0%         N/A       100%        6
 Shadow Creatures         Summ           N/A        N/A       100%        6
 Simulacrum               Ice/Necr       0%         N/A       100%        6
 Haunt                    Necr/Summ      0%         N/A       100%        7
 Orb of Destruction       Conj           0%         N/A       100%        7
 Ozocubu's Refrigeration  Ice            0%         4d5       100%        7
 Discord                  Hex            0%         N/A       100%        8
 Disjunction              Tloc           0%         N/A       100%        8
 Infestation              Necr           0%         N/A       100%        8
 Maxwell's Capacitive Co  Air            0%         ∞         100%        8
 Necromutation            Tmut/Necr      0%         N/A       100%        8
 Death's Door             Necr           0%         N/A       100%        9
 Sublimation of Blood     Necr           Unusable   N/A       N/A         2
 Statue Form              Tmut/Erth      Unusable   N/A       N/A         6

Dungeon Overview and Level Annotations

Branches:
Dungeon (15/15)            Temple (1/1) D:6            Lair (6/6) D:11
  Swamp (4/4) Lair:3       Spider (4/4) Lair:3        Slime (5/5) Lair:6
    Orc (2/2) D:11            Elf (0/3) Orc:2        Vaults (5/5) D:13
  Crypt (3/3) Vaults:3       Tomb (3/3) Crypt:3      Depths (5/5) D:15
   Hell (visited)             Dis (7/7) Hell            Geh (7/7) Hell
    Coc (7/7) Hell            Tar (7/7) Hell            Zot (5/5) Depths:5
  Sewer (visited)          Bailey (visited)          WizLab (visited)

Altars:
Ashenzari
Cheibriados
Dithmenos
Elyvilon
Fedhas
Gozag
Hepliaklqana
Kikubaaqudgha
Makhleb
Nemelex Xobeh
Okawaru
Qazlal
Ru
Sif Muna
Trog
Uskayaw
Vehumet
Wu Jian
Xom
Yredelemnul
Zin
The Shining One
Jiyva
Lugonu

Shops:
D:8 [   Orc:2 ?[?!   Vaults:3 (   Vaults:4 ?   Vaults:5 *   Depths:1 :
Depths:4 =[:[

Portals:
Hell: Depths:1 Depths:2 Depths:3 Depths:4 Depths:5
Abyss: Depths:4
Pandemonium: Depths:2 Depths:3
Ziggurat: Depths:2

Annotations:
D:4 3 runed translucent doors, cada's ghost, amateur DgAM
D:5 exclusion: door
D:8 3 exclusions
Lair:2 exclusion: oklob plant
Vaults:4 1 transporter
Crypt:2 2 runed translucent doors, Xenat's ghost, veteran MiGl
Zot:1 exclusion: 4 doors
Zot:3 exclusion: 2 downstairs


Innate Abilities, Weirdness & Mutations

You are immune to sickness and miasma.
Your stone body is resilient. (AC +20)
You are immune to poison.
Your large and strong wings let you fly.
You resist negative energy. (rN+)
You are resistant to electric shocks. (rElec)
You are resistant to unholy torment.
You are immune to petrification.
You have a pair of small antennae on your head.
You have a beak for a mouth.
You are mostly covered in iridescent scales. (AC +4)
You are very dopey. (Int -4)
You are frail. (-10% HP)
Your muscles are strong. (Str +2)
Your spells are a little easier to cast, but a little less powerful.
You passively dampen the noise of your surroundings.


Message History

Where to? (Enter - D:1 @ (x,y), ? - help)
Things that are here:
a +0 robe; a +4 flail
There is a stone staircase leading up here.
You fly upwards.
There is a stone staircase leading down here.
Things that are here:
a +0 leather armour; a +0 dagger
There is an open door here.
Items here: )) [[.
Things that are here:
a +0 whip; a +0 leather armour; a +2 mace of holy wrath You see here a +0 flail.
There is a stone staircase leading up here.
You fly upwards.
There is a stone staircase leading down here.
You see here a +0 club.
You see here a +0 club.
There is a stone staircase leading up here.
You fly upwards.
Level annotation: exclusion: door
There is a stone staircase leading down here.
There is a stone staircase leading up here.
You fly upwards.
Level annotation: 3 runed translucent doors, cada's ghost, amateur DgAM
There is a stone staircase leading down here.
There is a stone staircase leading up here.
You fly upwards.
There is a stone staircase leading down here.
Things that are here:
a +0 leather armour; a +0 whip
There is a stone staircase leading up here.
You fly upwards.
There is a stone staircase leading down here.
There is a stone staircase leading up here.
You fly upwards.
There is a stone staircase leading down here.
You see here a +2 vampiric dagger.
There is a staircase leading out of the dungeon here.
You have escaped!

#.#######................#####
#.# #...............>..... #.#
##......###############
####.## #.......# #######
......# ####....### #......
......# #.#.#.#.## #...(#.
......# ##.#.#.#.# #....#.
......# #.#.#)#.## #....#.
......# ##.#@#.#.# #....#>
......# #.#.#.#.## #......
####### ###.#.#.#.# #...... #
### #..#.#.#.## #...... #####
#.# #.#.#.#.#.#########.#.
....# #.#
#.##................#. ....#
#.# #....################.
....# #.# ####.......# #.
....# #.# #####†#.# ##


There were no monsters in sight!

Vanquished Creatures
  Cerebov the Royal Jelly
  10 pandemonium lords Ereshkigal Gloorx Vloq Asmodeus Mnoleg
  6 ancient liches
  6 orbs of fire Dispater
  A dread lich Mara Khufu
  A juggernaut
  26 royal mummies
  2 shard shrikes
  3 Killer Klowns
  A curse toe Xtahua Saint Roka
  3 caustic shrikes Geryon Nikola
  10 golden dragons
  3 profane servitors
  13 bone dragons
  A hellephant
  18 Brimstone Fiends
  13 Tzitzimimeh
  3 doom hounds
  21 tentacled monstrosities
  3 electric golems
  12 Hell Sentinels
  9 liches
  29 Orb Guardians
  14 Ice Fiends
  14 titans
  11 deep elf blademasters
  3 deep elf master archers
  14 acid blobs
  6 death cobs
  7 quicksilver dragons
  A tentacled starspawn
  9 sphinxes
  19 Executioners Kirke Agnes
  13 ancient champions
  14 draconian monks
  9 tengu reavers
  11 shadow dragons
  4 revenants Donald
  6 azure jellies
  3 warmongers
  6 storm dragons
  9 rockslimes
  24 fire giants
  The ghost of Ficoysum the Archer, a journeyman GnWn of Zin
  22 vault wardens
  6 ghost moths
  4 draconian shifters
  27 frost giants
  8 draconian knights
  2 deep elf sorcerers
  26 balrugs
  7 cacodemons
  3 curse skulls
  5 ghouls
  9 quicksilver oozes
  16 iron dragons
  An emperor scorpion
  10 draconian scorchers
  An angel
  A draconian stormcaller
  4 spriggan defenders
  22 ironbound preservers
  36 stone giants
  8 blood saints
  55 very ugly things
  6 draconian annihilators
  25 reapers
  A juggernaut skeleton
  12 green draconians
  A deep elf demonologist
  6 vampire knights
  4 elemental wellsprings
  14 war gargoyles
  2 black suns
  12 black draconians
  9 spark wasps
  4 entropy weavers
  10 corrupters
  16 yellow draconians
  8 dire elephants
  8 lorocyprocas
  A deep elf annihilator
  A bunyip
  24 blizzard demons
  13 white draconians
  20 red draconians
  15 mummy priests
  An eidolon
  10 green deaths
  2 crystal guardians
  21 purple draconians
  18 fire dragons
  13 ettins
  2 deep elf death magi
  19 great orbs of eyes
  2 kraken zombies
  A quicksilver dragon zombie
  8 yaktaur captains
  16 jiangshi
  5 deep elf high priests
  10 ironbound thunderhulks
  4 rakshasas
  35 vault guards
  A shambling mangrove
  7 monstrous demonspawn
  4 peacekeepers
  28 hydras
  6 hell beasts
  10 ironbound frosthearts
  9 spriggan air magi
  5 boulder beetles
  3 catoblepae
  A ghost crab
  20 ice dragons
  9 death knights
  2 ogre magi
  4 quicksilver dragon skeletons Erolcha
  10 centaur warriors
  9 two-headed ogres
  10 tengu warriors
  2 dancing weapons
  17 deep troll shamans
  3 alligators
  93 death scarabs
  3 vampire magi
  8 death yaks
  11 deep troll earth magi
  3 orc high priests
  37 large abominations
  19 hell hogs
  A thrashing horror
  2 titan zombies
  10 ironbound beastmasters Urug
  44 hell knights
  6 iron golems
  27 soul eaters
  7 spriggan berserkers
  5 titan skeletons
  2 storm dragon zombies
  20 iron trolls
  9 deep elf knights
  2 storm dragon skeletons
  35 sun demons
  4 wretched stars
  A spatial maelstrom
  2 salamander mystics
  82 skeletal warriors
  2 death drakes (shapeshifter)
  11 shadow wraiths
  12 flayed ghosts
  11 sixfirhies
  2 spriggan druids
  A ghost moth zombie
  3 golden dragon zombies
  5 infernal demonspawn
  67 deep trolls
  11 swamp dragons
  7 anaconda zombies
  19 shadow demons
  9 gelid demonspawn
  8 glowing orange brains
  A kraken simulacrum
  6 torturous demonspawn
  6 orc knights
  4 golden dragon skeletons
  18 phantasmal warriors
  19 ironbound convokers
  14 wizards Pikel
  7 bog bodies
  4 shadow dragon zombies
  2 wolf spider zombies
  11 lindwurms
  15 deep elf archers
  A harpy
  3 anaconda skeletons
  16 deep elf pyromancers
  4 tengu zombies
  23 orb spiders
  21 necromancers
  5 shadow dragon skeletons
  A sphinx zombie
  6 orc sorcerers
  10 deep elf zephyrmancers
  9 cyclopes
  13 manticores
  30 wolf spiders
  4 frost giant zombies
  69 ugly things
  4 fire giant zombies
  7 salamanders
  2 will-o-the-wisps
  A shining eye
  A sphinx skeleton
  2 tengu skeletons
  An eleionoma skeleton
  6 stone giant zombies
  A moth of wrath (shapeshifter)
  A guardian serpent
  4 frost giant skeletons
  3 worldbinders
  24 moths of wrath
  A toenail golem
  A shock serpent zombie
  29 rust devils
  3 elephants
  5 stone giant skeletons
  An iron dragon skeleton
  2 human skeletons
  13 orange demons
  10 gargoyles
  A dire elephant zombie
  18 smoke demons
  26 vault sentinels
  2 ice statues
  A shock serpent skeleton
  7 black mambas
  4 fire giant skeletons
  8 cane toads
  11 molten gargoyles
  3 elf skeletons
  3 torpor snails
  3 eyes of devastation
  3 titan simulacra
  34 hellions
  3 naga magi
  5 rime drakes
  A swamp worm zombie
  11 komodo dragons
  4 kobold demonologists
  2 dire elephant skeletons
  A catoblepas zombie
  5 efreet
  6 hellwings
  A sea snake zombie
  2 tengu conjurers
  12 tormentors
  6 unseen horrors
  25 freezing wraiths
  26 yaktaurs
  A yellow draconian skeleton
  7 hydra zombies
  A golden dragon simulacrum
  2 catoblepas skeletons
  5 spriggan skeletons
  13 ice devils
  34 jumping spiders
  39 guardian mummies
  A silent spectre
  11 trolls
  11 meliai
  A sea snake skeleton
  19 demonic crawlers
  6 ancient zymes
  23 red devils
  3 jumping spiders (shapeshifter)
  A tengu simulacrum
  3 polar bears
  2 queen bees
  7 wind drakes
  A shadow dragon simulacrum
  8 raiju
  2 spectral guardian serpents
  A tyrant leech
  23 hornets
  16 blink frogs
  An ice dragon zombie
  6 ettin zombies
  4 fire dragon zombies
  4 harpy skeletons
  15 dream sheep
  6 hydra skeletons
  75 slime creatures
  2 alligator zombies
  2 fire dragon skeletons
  3 centaur simulacra
  A fire giant simulacrum
  23 shadows
  159 flying skulls
  A stone giant simulacrum
  87 redbacks
  8 spriggans
  An alligator skeleton
  4 ettin skeletons
  A tarantella (shapeshifter)
  17 wraiths
  2 ice dragon skeletons
  A wyvern
  3 fire bats
  A shock serpent simulacrum
  A tyrant leech zombie
  8 ushabtiu
  45 yaks
  A hog
  10 water elementals
  28 tarantellas
  19 ynoxinuls
  A dire elephant simulacrum
  A black mamba skeleton
  11 fire elementals
  9 golden eyes
  5 basilisks
  12 chaos spawn
  3 steam dragons
  8 vampire mosquitoes
  21 neqoxecs
  4 wargs
  15 small abominations
  A swamp worm (shapeshifter)
  A spatial vortex
  2 merfolk zombies
  3 acid dragons
  3 swamp worms
  An infernal demonspawn zombie
  18 hell hounds Duvessa
  3 cane toad skeletons
  2 ogre skeletons
  19 water moccasins
  5 floating eyes
  A floating eye (shapeshifter)
  4 cane toad zombies
  27 orc warriors
  3 sky beasts
  8 swamp drakes
  A two-headed ogre skeleton
  An ice beast
  3 black bears
  An alligator simulacrum
  2 manticore zombies
  A snapping turtle zombie
  8 ogres
  14 boggarts
  21 necrophages
  3 swamp dragon skeletons
  5 centaurs
  3 snapping turtle skeletons
  5 wolves
  A manticore skeleton
  7 phantoms Blork the orc
  3 gnoll sergeants
  5 kobold brigands
  9 bullfrogs
  A cyclops zombie
  3 scorpions
  A water moccasin zombie Dowan
  A water moccasin skeleton
  A polar bear zombie
  40 wights
  8 killer bees
  3 electric eels
  13 howler monkeys
  5 crimson imps
  8 centaur zombies
  A bullfrog zombie
  A quasit
  10 starcursed masses
  2 jellies
  17 orc priests
  A gnoll shaman
  8 hounds
  3 centaur skeletons
  16 iron imps
  26 hell rats
  2 iguanas
  A merfolk siren
  17 orc wizards
  2 scorpion zombies
  A merfolk avatar
  A demigod zombie
  A hound zombie
  A hound skeleton
  18 mummies
  25 gnolls
  13 adders
  7 river rats
  A steam dragon zombie
  7 shadow imps
  11 white imps
  An ufetubus
  A worm zombie
  2 adder skeletons
  2 worms
  A worm (shapeshifter)
  7 dart slugs
  62 orcs
  11 endoplasms
  6 giant cockroaches
  12 goblins
  18 hobgoblins
  2 jackals
  2 quokkas
  13 ball pythons
  7 bats
  2 frilled lizards
  A jackal skeleton
  29 kobolds
  31 rats
  A river rat skeleton
  A block of ice
  3 bushes
  A fire vortex
  A starspawn tentacle
  4 tentacles
4067 creatures vanquished.

Vanquished Creatures (collateral kills)
  Antaeus the Serpent of Hell
  An ancient lich
  4 pandemonium lords Mennas
  5 royal mummies
  2 Killer Klowns
  A shard shrike
  2 electric golems
  2 iron giants
  2 Brimstone Fiends
  3 Hell Sentinels
  An Orb Guardian Rupert
  2 Ice Fiends
  A titan
  An eldritch tentacle
  An Executioner
  A shadow dragon
  2 storm dragons
  A draconian monk
  A fire giant
  A balrug
  3 cacodemons
  2 draconian annihilators
  A very ugly thing
  3 war gargoyles
  2 reapers
  2 green draconians
  A lorocyproca
  3 red draconians
  An ettin
  2 ice dragons
  A quicksilver dragon skeleton
  3 monstrous demonspawn
  7 death scarabs
  A hell hog
  A soul eater
  An iron golem
  2 sixfirhies
  3 sun demons
  A ghost moth zombie
  A skeletal warrior
  An iron troll
  A shadow demon
  An infernal demonspawn
  A shadow dragon zombie
  An anaconda skeleton
  An ugly thing
  A shining eye
  A moth of wrath
  2 rust devils
  An efreet
  A tormentor
  An ice devil
  A freezing wraith
  3 red devils
  A hydra zombie
  A fire dragon zombie
  An ice dragon skeleton
  A ynoxinul
  4 flying skulls
  A wraith
  An ettin skeleton
  2 neqoxecs
  3 large abominations
  A chaos spawn
  A cane toad zombie
  A manticore skeleton
  A small abomination
  3 crimson imps
  A quasit
  A mummy
  A fire vortex
121 creatures vanquished.

Vanquished Creatures (others)
  A pandemonium lord
  An Orb Guardian
  2 titans
  A death cob
  2 fire giants
  A frost giant
  A draconian annihilator
  A war gargoyle
  A deep elf annihilator
  A fire dragon
  A deep elf death mage
  A green death
  2 rakshasas
  A hell hog
  A deep elf knight
  A glowing orange brain
  3 wizards
  A smoke demon
  A molten gargoyle
  A freezing wraith
  A hellwing
  2 guardian mummies
  7 wind drakes
  A hydra zombie
  2 flying skulls
  A large abomination
  A wraith
  A shadow
  2 fire bats
  A wyvern
  A human
  A chaos spawn
  A wight
  An orc wizard
  2 mummies
  2 ball lightnings
  A block of ice
  2 bushes
  A fire vortex
  8 foxfires
  51 fungi
  103 plants
  9 starspawn tentacles
  18 tentacles
  8 withered plants
253 creatures vanquished.

Grand Total: 4441 creatures vanquished

Notes
Turn   | Place    | Note
-------+----------+-------------------------------------------
     0 | D:1      | Caminho the Gargoyle Gladiator began the quest for the Orb.
     0 | D:1      | Reached XP level 1. HP: 12/12 MP: 1/1
   301 | D:1      | Reached skill level 3 in Axes
   378 | D:1      | Reached XP level 2. HP: 7/17 MP: 2/2
  1624 | D:2      | Reached XP level 3. HP: 20/21 MP: 3/3
  1770 | D:2      | Reached skill level 4 in Axes
  2125 | D:2      | Reached XP level 4. HP: 24/26 MP: 4/4
  2954 | D:3      | Reached skill level 5 in Axes
  2954 | D:3      | Reached XP level 5. HP: 16/30 MP: 5/5
  3108 | D:3      | Found a glowing drain.
  3119 | Sewer    | Entered a sewer
  3482 | Sewer    | Noticed a malarious merfolk avatar
  3505 | Sewer    | Killed a malarious merfolk avatar
  3506 | Sewer    | Reached skill level 3 in Fighting
  3506 | Sewer    | Reached XP level 6. HP: 37/37 MP: 6/6
  3536 | Sewer    | Identified the +1 leather armour of the Cicada {rPois rN+
                  | Regen+ Int-5}
  4253 | D:4      | Reached skill level 6 in Axes
  4423 | D:4      | Found a bloodstained altar of Trog.
  4558 | D:4      | Reached XP level 7. HP: 29/42 MP: 7/7
  4738 | D:4      | Found a runed translucent gate.
  4738 | D:4      | Found a runed translucent gate.
  4738 | D:4      | Noticed cada's ghost (amateur DgAM)
  4739 | D:4      | Found a runed translucent gate.
  4741 | D:4      | Found a basalt altar of Yredelemnul.
  4752 | D:4      | Reached skill level 4 in Fighting
  4963 | D:4      | Noticed a hornet
  4971 | D:4      | Killed a hornet
  4972 | D:4      | Reached skill level 7 in Axes
  5127 | D:5      | Entered Level 5 of the Dungeon
  5156 | D:5      | Reached skill level 5 in Fighting
  5156 | D:5      | Reached XP level 8. HP: 40/49 MP: 8/8
  5678 | D:5      | Reached skill level 1 in Evocations
  5781 | D:5      | Reached skill level 8 in Axes
  5783 | D:5      | Found a radiant altar of Vehumet.
  6039 | D:5      | Noticed a troll
  6049 | D:5      | HP: 7/50 [ogre (25)]
  6434 | D:5      | Reached skill level 2 in Evocations
  6609 | D:6      | Noticed Blork the orc
  6700 | D:5      | Reached skill level 6 in Fighting
  7166 | D:5      | Reached skill level 9 in Axes
  7166 | D:5      | Reached XP level 9. HP: 16/56 MP: 9/9
  7701 | D:6      | Killed Blork the orc
  7702 | D:6      | Reached skill level 7 in Fighting
  8031 | D:6      | Found a shimmering altar of Xom.
  8215 | D:6      | Found a staircase to the Ecumenical Temple.
  8238 | Temple   | Entered the Ecumenical Temple
  8917 | D:6      | Reached skill level 10 in Axes
  9064 | D:6      | Reached skill level 1 in Armour
  9267 | D:6      | Reached skill level 2 in Armour
  9485 | D:7      | Noticed Duvessa
  9485 | D:7      | Noticed Dowan
  9510 | D:7      | Killed Duvessa
  9663 | D:7      | Killed Dowan
  9664 | D:7      | Reached skill level 3 in Armour
  9744 | D:7      | Reached skill level 8 in Fighting
  9744 | D:7      | Reached XP level 10. HP: 62/64 MP: 10/10
  9849 | D:7      | Found an iron altar of Okawaru.
  9875 | D:7      | Became a worshipper of Warmaster Okawaru
  9943 | D:7      | Reached skill level 4 in Armour
 10275 | D:7      | Found a white marble altar of Elyvilon.
 10596 | D:7      | Reached skill level 1 in Invocations
 10801 | D:7      | Noticed Pikel
 10813 | D:7      | Killed Pikel
 11047 | D:7      | Reached skill level 5 in Armour
 11477 | D:8      | Found Uthroh's Antique Armour Boutique.
 11489 | D:8      | Bought a glowing chain mail for 172 gold pieces
 11601 | D:8      | Found a glowing silver altar of Zin.
 11837 | D:8      | Noticed a gargoyle
 11857 | D:8      | Killed a gargoyle
 11858 | D:8      | Reached skill level 11 in Axes
 12203 | D:9      | Reached skill level 6 in Armour
 12277 | D:9      | Noticed a two-headed ogre
 12453 | D:9      | Reached * piety under Okawaru
 12487 | D:9      | Reached skill level 2 in Invocations
 12817 | D:9      | Found a shimmering blue altar of Sif Muna.
 12826 | D:9      | Killed a two-headed ogre
 12826 | D:9      | Reached ** piety under Okawaru
 12827 | D:9      | Reached skill level 9 in Fighting
 12827 | D:9      | Reached skill level 3 in Invocations
 12827 | D:9      | Reached XP level 11. HP: 58/71 MP: 9/13
 13022 | D:10     | Entered Level 10 of the Dungeon
 13160 | D:8      | Reached skill level 4 in Invocations
 13293 | D:8      | Reached skill level 7 in Armour
 13595 | D:10     | Found an ancient bone altar of Kikubaaqudgha.
 13624 | D:10     | Reached *** piety under Okawaru
 13627 | D:10     | Received a gift from Okawaru
 13739 | D:10     | Reached skill level 5 in Invocations
 13756 | D:10     | Noticed a two-headed ogre
 13801 | D:9      | Reached skill level 12 in Axes
 13981 | D:10     | Found an ornate altar of the Wu Jian Council.
 14085 | D:10     | Reached skill level 8 in Armour
 14249 | D:10     | Reached **** piety under Okawaru
 14390 | D:10     | Killed a two-headed ogre
 14390 | D:10     | Received a gift from Okawaru
 14649 | D:10     | You fall into a shaft and drop 2 floors!
 14789 | D:11     | Found a flagged portal.
 14801 | Bailey   | Entered a bailey
 14852 | Bailey   | Found an iron altar of Okawaru.
 14894 | Bailey   | Reached skill level 10 in Fighting
 15101 | Bailey   | Reached XP level 12. HP: 63/77 MP: 16/16
 15600 | Bailey   | Reached skill level 9 in Armour
 15858 | Bailey   | Reached skill level 6 in Invocations
 15879 | Bailey   | Acquired a scarf of repulsion
 16067 | D:11     | Noticed a two-headed ogre
 16073 | D:11     | Killed a two-headed ogre
 16357 | D:11     | Found a staircase to the Lair.
 16357 | D:11     | Noticed a two-headed ogre
 16375 | D:11     | Killed a two-headed ogre
 16380 | D:11     | Reached ***** piety under Okawaru
 16438 | D:11     | Noticed a centaur warrior
 16450 | D:11     | Killed a centaur warrior
 16621 | D:11     | Noticed a two-headed ogre
 16626 | D:11     | Found a staircase to the Orcish Mines.
 16640 | D:11     | Killed a two-headed ogre
 16651 | D:11     | Noticed a tengu warrior
 16662 | D:11     | HP: 9/78 [tengu warrior (14)]
 16673 | D:11     | Killed a tengu warrior
 16674 | D:11     | Reached skill level 10 in Armour
 16887 | D:11     | Identified a potion of experience
 16888 | D:11     | Reached skill level 11 in Fighting
 16888 | D:11     | Reached skill level 13 in Axes
 16888 | D:11     | Reached skill level 11 in Armour
 16888 | D:11     | Reached skill level 7 in Invocations
 16888 | D:11     | Reached XP level 13. HP: 84/84 MP: 18/18
 16933 | Lair:1   | Entered Level 1 of the Lair of Beasts
 17153 | Lair:1   | Received a gift from Okawaru
 17718 | Lair:1   | Reached skill level 1 in Shields
 18555 | Lair:2   | Reached skill level 8 in Invocations
 18795 | Lair:2   | Reached skill level 2 in Shields
 19564 | Lair:3   | Gained mutation: Your large and strong wings let you fly.
                  | [Gargoyle growth]
 19564 | Lair:3   | Reached XP level 14. HP: 79/90 MP: 20/20
 19573 | Lair:3   | Reached skill level 3 in Shields
 19924 | Lair:3   | Reached skill level 12 in Armour
 20242 | Lair:3   | Reached skill level 14 in Axes
 20324 | Lair:3   | Reached skill level 4 in Shields
 20489 | Lair:3   | Found a staircase to the Swamp.
 20771 | Lair:3   | Acquired a manual of Axes
 20937 | Lair:3   | Noticed Rupert
 20976 | Lair:3   | Found a hole to the Spider Nest.
 21740 | Lair:4   | Identified the amulet "Vyggeic" {Faith rPois rC- Int+3
                  | Dex+6}
 21953 | Lair:4   | Reached skill level 12 in Fighting
 22322 | Lair:4   | Reached skill level 13 in Armour
 22754 | Lair:5   | Reached skill level 15 in Axes
 22832 | Lair:5   | Received a gift from Okawaru
 23101 | Lair:5   | Received a gift from Okawaru
 23151 | Lair:5   | Reached skill level 3 in Evocations
 23371 | Lair:5   | Identified the +2 leather armour of the Morning Star {rPois
                  | Will+}
 23425 | Lair:5   | Identified the +7 hunting sling "Heajehant" {speed, rPois
                  | Str+4 Int+4}
 23661 | Lair:6   | Entered Level 6 of the Lair of Beasts
 23748 | Lair:6   | Identified the +9 short sword "Leete" {venom, Str-4 Int+7}
 24061 | Lair:6   | Found a viscous altar of Jiyva.
 24062 | Lair:6   | Found a staircase to the Slime Pits.
 24143 | Lair:6   | Reached XP level 15. HP: 97/97 MP: 18/21
 24148 | Lair:6   | Reached skill level 3 in Dodging
 24659 | Lair:6   | Reached skill level 4 in Dodging
 24947 | Lair:6   | Reached skill level 13 in Fighting
 25320 | Lair:3   | Found a staircase to the Swamp.
 25414 | Lair:3   | Found a hole to the Spider Nest.
 25880 | Lair:3   | Found a staircase to the Swamp.
 25996 | Lair:3   | Killed Rupert
 26492 | D:11     | Received a gift from Okawaru
 26493 | D:11     | Reached skill level 16 in Axes
 26493 | D:11     | Found the +7 Kryia's mail coat {god gift, PotionHeal*2 rC+}
 26630 | D:11     | Reached skill level 14 in Armour
 26663 | D:11     | Reached skill level 5 in Dodging
 27316 | Orc:1    | Entered Level 1 of the Orcish Mines
 27759 | Orc:2    | Entered Level 2 of the Orcish Mines
 27767 | Orc:2    | Noticed Erolcha
 27821 | Orc:2    | Noticed Saint Roka
 27829 | Orc:2    | Killed Erolcha
 27837 | Orc:2    | Killed Saint Roka
 28120 | Orc:2    | Found a staircase to the Elven Halls.
 28416 | Orc:2    | Reached skill level 6 in Dodging
 28677 | Orc:2    | Reached skill level 14 in Fighting
 28698 | Orc:2    | Found Ypuot's Magic Scroll Shoppe.
 28698 | Orc:2    | Found Sothod's Distillery.
 28702 | Orc:2    | Found Folou's Armour Shoppe.
 28702 | Orc:2    | Found Zelaev's Magic Scroll Boutique.
 28711 | Orc:2    | Bought a scroll of blinking for 112 gold pieces
 28713 | Orc:2    | Bought a potion of haste for 120 gold pieces
 28713 | Orc:2    | Bought a potion of might for 48 gold pieces
 28713 | Orc:2    | Bought a potion of might for 48 gold pieces
 28713 | Orc:2    | Bought a potion of might for 48 gold pieces
 28713 | Orc:2    | Bought a potion of cancellation for 96 gold pieces
 28715 | Orc:2    | Bought a scroll of teleportation for 45 gold pieces
 28715 | Orc:2    | Bought a scroll of teleportation for 45 gold pieces
 28715 | Orc:2    | Bought a scroll of teleportation for 45 gold pieces
 28715 | Orc:2    | Bought a scroll of teleportation for 45 gold pieces
 28715 | Orc:2    | Bought a scroll of silence for 112 gold pieces
 28715 | Orc:2    | Bought a scroll of fog for 30 gold pieces
 28718 | Orc:2    | Bought a scroll of silence for 127 gold pieces
 28718 | Orc:2    | Bought a scroll of fear for 59 gold pieces
 28718 | Orc:2    | Bought a scroll of immolation for 59 gold pieces
 28718 | Orc:2    | Bought a scroll of teleportation for 51 gold pieces
 29318 | D:13     | Reached XP level 16. HP: 95/106 MP: 22/22
 29478 | D:13     | Found a gate to the Vaults.
 29561 | D:13     | Noticed a storm dragon
 29643 | D:13     | Killed a storm dragon
 29643 | D:13     | Received a gift from Okawaru
 29761 | D:13     | Paralysed by a floating eye for 3 turns
 29924 | D:13     | Reached skill level 7 in Dodging
 30469 | D:13     | Noticed Urug
 30482 | D:13     | Killed Urug
 30494 | D:13     | Reached skill level 5 in Shields
 31692 | D:12     | Identified the ring "Hich" {+Blink rC- EV+4 Int+7}
 31756 | D:11     | Received a gift from Okawaru
 32143 | D:12     | Identified the ring "Xemamp" {rElec rC+ Str+7 Int-2 SInv}
 32145 | D:12     | Identified the ring of Xilyleoh {Fire Fly rPois Int+5}
 32152 | D:12     | Reached skill level 6 in Shields
 32185 | D:12     | Identified the ring "Man Vyack" {Fire Str+3}
 32297 | D:13     | Reached skill level 15 in Fighting
 32763 | D:14     | Noticed Ficoysum's ghost (journeyman GnWn)
 32783 | D:14     | Found a transporter.
 32788 | D:14     | Found a transporter.
 33084 | D:14     | Reached skill level 17 in Axes
 33089 | D:14     | Reached skill level 8 in Dodging
 33771 | D:15     | Entered Level 15 of the Dungeon
 33954 | D:15     | Reached XP level 17. HP: 113/113 MP: 23/23
 34001 | D:15     | Reached skill level 7 in Shields
 34146 | D:15     | Noticed Agnes
 34154 | D:15     | Killed Agnes
 34379 | D:15     | Found a staircase to the Depths.
 34778 | Lair:3   | Found a hole to the Spider Nest.
 35163 | Spider:1 | Entered Level 1 of the Spider Nest
 35168 | Spider:1 | Received a gift from Okawaru
 35175 | Spider:1 | Reached skill level 15 in Armour
 35339 | Spider:1 | Reached skill level 4 in Evocations
 35831 | Spider:1 | You are sucked into a shaft and drop 1 floor!
 35840 | Spider:2 | Reached skill level 8 in Shields
 35970 | Spider:1 | Received a gift from Okawaru
 36182 | Spider:1 | Reached skill level 9 in Dodging
 36781 | Spider:2 | Reached skill level 9 in Shields
 36820 | Spider:2 | Reached skill level 16 in Fighting
 36840 | Spider:2 | Reached ****** piety under Okawaru
 36938 | Spider:2 | Identified the +5 halberd of the Peculiar Ears {drain,
                  | Int+2}
 37087 | Spider:2 | Received a gift from Okawaru
 37960 | Spider:3 | Reached XP level 18. HP: 97/120 MP: 24/24
 38305 | Spider:4 | Entered Level 4 of the Spider Nest
 38310 | Spider:4 | Acquired 1079 gold pieces
 38311 | Spider:4 | Acquired 610 gold pieces
 38321 | Spider:4 | Received a gift from Okawaru
 38507 | Spider:4 | Reached skill level 10 in Shields
 38947 | Spider:4 | Reached skill level 10 in Dodging
 38995 | Spider:4 | Identified the +4 cloak of Dithmenos's Grace {-Tele +Inv
                  | Dex+3}
 39358 | Spider:4 | Got a gossamer rune of Zot
 39682 | Orc:2    | Bought a scroll of acquirement for 884 gold pieces
 39682 | Orc:2    | Acquired a +3 vampiric broad axe
 39856 | Swamp:1  | Entered Level 1 of the Swamp
 40069 | Swamp:2  | Noticed Kirke
 40079 | Swamp:2  | Killed Kirke
 40079 | Swamp:2  | Identified the +1 chain mail of Vorab {god gift, Contam
                  | +Inv rElec Int+4} (Okawaru gifted it to you on level 2 of
                  | the Swamp)
 40079 | Swamp:2  | Received a gift from Okawaru
 40080 | Swamp:2  | Reached skill level 11 in Shields
 40103 | Swamp:2  | Reached skill level 17 in Fighting
 40163 | Swamp:4  | Entered Level 4 of the Swamp
 40321 | Swamp:4  | Reached skill level 18 in Axes
 40378 | Swamp:4  | Got a decaying rune of Zot
 40399 | Swamp:4  | Noticed a tentacled monstrosity
 40417 | Swamp:4  | Killed a tentacled monstrosity
 40420 | Swamp:4  | Received a gift from Okawaru
 40431 | Swamp:4  | Identified the ring "Puzey" {Wiz rElec SInv Stlth+}
 40439 | Swamp:4  | Reached skill level 11 in Dodging
 40439 | Swamp:4  | Reached XP level 19. HP: 128/128 MP: 20/25
 40648 | D:8      | Bought a runed plate armour for 598 gold pieces
 40779 | Orc:2    | Bought a +2 chain mail of willpower for 301 gold pieces
 40967 | Vaults:1 | Entered Level 1 of the Vaults
 41175 | Vaults:1 | Identified the +3 hunting sling of Law {venom, *Slow Str+3
                  | Dex+5}
 41390 | Vaults:1 | Reached skill level 12 in Shields
 41733 | Vaults:1 | Received a gift from Okawaru
 41763 | Vaults:1 | Reached skill level 5 in Evocations
 42111 | Vaults:1 | Reached skill level 18 in Fighting
 42316 | Vaults:2 | Noticed Xtahua
 42339 | Vaults:2 | Killed Xtahua
 42339 | Vaults:2 | Identified the +10 spear of the Shoals {god gift, drain,
                  | rCorr Str+3 Dex-3} (Okawaru gifted it to you on level 2 of
                  | the Vaults)
 42339 | Vaults:2 | Received a gift from Okawaru
 42384 | Vaults:2 | Reached skill level 12 in Dodging
 42526 | Vaults:2 | Received a gift from Okawaru
 42608 | Vaults:2 | Reached XP level 20. HP: 137/137 MP: 26/26
 42824 | Vaults:2 | Reached skill level 13 in Shields
 42909 | Vaults:2 | Noticed Mennas
 43015 | Vaults:2 | Received a gift from Okawaru
 43068 | Vaults:2 | Reached skill level 19 in Fighting
 43076 | Vaults:2 | Reached skill level 16 in Armour
 43091 | Vaults:2 | Killed Mennas
 43180 | Vaults:2 | Noticed Donald
 43209 | Vaults:2 | Killed Donald
 44070 | Vaults:3 | Reached skill level 13 in Dodging
 44080 | Vaults:3 | Noticed Nikola
 44100 | Vaults:3 | Killed Nikola
 44225 | Vaults:3 | Received a gift from Okawaru
 44434 | Vaults:3 | Identified the +8 short sword of Irritation {god gift,
                  | drain, rPois rC+ rN+ Stlth+} (Okawaru gifted it to you on
                  | level 3 of the Vaults)
 44434 | Vaults:3 | Received a gift from Okawaru
 44460 | Vaults:3 | Found Lotsibb's Antique Weapon Shop.
 44473 | Vaults:3 | Bought a runed broad axe for 203 gold pieces
 44506 | Vaults:3 | Reached XP level 21. HP: 129/144 MP: 25/27
 44516 | Vaults:3 | Reached skill level 14 in Shields
 44589 | Vaults:3 | Found a staircase to the Crypt.
 44589 | Vaults:3 | Found an ancient bone altar of Kikubaaqudgha.
 44590 | Vaults:3 | Found a basalt altar of Yredelemnul.
 45284 | Vaults:3 | Got the Catalogue of Displaced Clay
 45422 | Vaults:4 | Received a gift from Okawaru
 45820 | Vaults:4 | Reached skill level 20 in Fighting
 45839 | Vaults:4 | Found Qaiv's Magic Scroll Emporium.
 45922 | Vaults:4 | Bought a scroll of enchant armour for 112 gold pieces
 45922 | Vaults:4 | Bought a scroll of enchant armour for 112 gold pieces
 45922 | Vaults:4 | Bought a scroll of fog for 30 gold pieces
 46072 | Vaults:4 | Noticed an ancient lich
 46361 | Vaults:4 | Killed an ancient lich
 46362 | Vaults:4 | Reached skill level 15 in Shields
 46601 | Vaults:4 | Reached skill level 14 in Dodging
 46613 | Vaults:4 | Received a gift from Okawaru
 46977 | Vaults:4 | Found a transporter.
 47016 | Vaults:4 | Found a transporter.
 47349 | Depths:1 | Entered Level 1 of the Depths
 47523 | Depths:1 | Found a sparkling altar of Nemelex Xobeh.
 47539 | Depths:1 | Reached XP level 22. HP: 152/152 MP: 28/28
 47869 | Depths:1 | Found a gateway to Hell.
 47928 | Depths:1 | Reached skill level 17 in Armour
 48031 | Depths:1 | Received a gift from Okawaru
 48059 | Depths:1 | Found Ufuts's Book Boutique.
 48686 | Depths:2 | Noticed Mara
 49318 | Depths:2 | Found a magical portal.
 49323 | WizLab   | Entered Doroklohe's Tomb
 49348 | Depths:2 | Received a gift from Okawaru
 49519 | Depths:2 | Found a one-way gate leading to the halls of Pandemonium.
 49560 | Depths:2 | Reached skill level 16 in Shields
 49854 | Depths:2 | Killed Mara
 49855 | Depths:2 | Reached skill level 6 in Evocations
 49919 | Depths:2 | Found a gateway to a ziggurat.
 50697 | Depths:2 | Received a gift from Okawaru
 50707 | Depths:2 | Reached skill level 21 in Fighting
 50821 | Depths:2 | Acquired 1035 gold pieces
 50853 | Depths:2 | Got the Volume of the Captivating Snowflakes
 50909 | Depths:2 | Reached XP level 23. HP: 155/160 MP: 29/29
 51508 | Depths:3 | Reached skill level 18 in Armour
 51535 | Depths:3 | Received a gift from Okawaru
 51550 | Depths:3 | Reached skill level 15 in Dodging
 51653 | Depths:3 | Received a gift from Okawaru
 51721 | Depths:3 | You are sucked into a shaft and drop 2 floors!
 51721 | Depths:5 | Entered Level 5 of the Depths
 51721 | Depths:5 | Found a gate to the Realm of Zot.
 51821 | Depths:5 | Noticed a juggernaut
 51853 | Depths:5 | Killed a juggernaut
 51853 | Depths:5 | Received a gift from Okawaru
 51949 | Depths:5 | Reached skill level 7 in Evocations
 52474 | Depths:4 | Received a gift from Okawaru
 52475 | Depths:4 | Reached skill level 17 in Shields
 52922 | Depths:4 | Found Coasit's Book Shoppe.
 52950 | Depths:4 | Found Enlolil's Armour Shoppe.
 52950 | Depths:4 | Found Gedwaew's Jewellery Emporium.
 52957 | Depths:4 | Found Qamill's Armour Emporium.
 52995 | Depths:4 | Found a corrupted altar of Lugonu.
 52995 | Depths:4 | Found a one-way gate to the infinite horrors of the Abyss.
 53243 | Depths:4 | Found the +4 robe of Folly {Brilliance Will-∞ Int+8}
 53291 | Depths:4 | Received a gift from Okawaru
 53347 | Depths:4 | Identified the +4 spear of the Common Good {flame, rC+
                  | Int+2 SInv Stlth-}
 53538 | Depths:3 | Noticed a golden dragon
 53551 | Depths:3 | Killed a golden dragon
 53686 | Depths:3 | Noticed a golden dragon
 53689 | Depths:3 | Killed a golden dragon
 53690 | Depths:3 | Reached XP level 24. HP: 137/168 MP: 28/29
 53691 | Depths:3 | Reached skill level 19 in Armour
 53760 | Depths:3 | Reached skill level 22 in Fighting
 53784 | Depths:3 | Received a gift from Okawaru
 53879 | Depths:3 | Reached skill level 18 in Shields
 53902 | Depths:3 | Identified the +7 short sword "Hohiptet" {god gift, flame,
                  | rF+} (Okawaru gifted it to you on level 3 of the Depths)
 53902 | Depths:3 | Received a gift from Okawaru
 54173 | D:14     | Killed Ficoysum's ghost
 54207 | D:14     | Got the Reference Book on Hexes
 54542 | Depths:3 | Identified the +8 chain mail of Miracles {Int+4}
 54684 | Depths:3 | Found a stormy altar of Qazlal.
 54850 | Depths:5 | Received a gift from Okawaru
 54873 | Depths:5 | Identified the ring "Kakec" {Wiz Will- Str+2 Stlth+}
 54890 | Depths:5 | Noticed a caustic shrike
 54890 | Depths:5 | Noticed a caustic shrike
 54910 | Depths:5 | Killed a caustic shrike
 54911 | Depths:5 | Killed a caustic shrike
 54912 | Depths:5 | Reached skill level 20 in Armour
 54921 | Depths:5 | Reached XP level 25. HP: 174/175 MP: 24/29
 54937 | Depths:5 | Reached skill level 19 in Shields
 55134 | Depths:5 | Identified the +3 scythe "Wofadud" {drain, Fly rElec Will+
                  | Str+2}
 55408 | Depths:5 | Found a hide-covered altar of Uskayaw.
 55777 | Vaults:5 | Entered Level 5 of the Vaults
 55783 | Vaults:5 | Noticed an ancient lich
 55797 | Vaults:5 | Received a gift from Okawaru
 55814 | Vaults:5 | Reached skill level 23 in Fighting
 55848 | Vaults:4 | Killed an ancient lich
 56232 | Vaults:5 | Received a gift from Okawaru
 56363 | Vaults:5 | Reached skill level 21 in Armour
 56381 | Vaults:5 | Received a gift from Okawaru
 56459 | Vaults:5 | Got the Disquisition on Toxins
 56467 | Vaults:5 | Got a silver rune of Zot
 56702 | Vaults:5 | Found Gujidgh's Assorted Antiques.
 56709 | Vaults:5 | Reached XP level 26. HP: 184/184 MP: 29/29
 56714 | Vaults:5 | Bought a wand of paralysis (6) for 100 gold pieces
 56714 | Vaults:5 | Bought a scroll of immolation for 175 gold pieces
 56714 | Vaults:5 | Bought 2 potions of curing for 300 gold pieces
 56714 | Vaults:5 | Bought a potion of curing for 150 gold pieces
 56714 | Vaults:5 | Acquired 1135 gold pieces
 56814 | Vaults:5 | Reached skill level 20 in Shields
 56814 | Vaults:5 | Noticed an ancient lich
 56837 | Vaults:5 | Killed an ancient lich
 56891 | Vaults:5 | Identified the +7 crystal plate armour of the Depths
                  | {Dex+8}
 56904 | Vaults:5 | Reached skill level 8 in Evocations
 57059 | Vaults:5 | Reached skill level 24 in Fighting
 57239 | Vaults:5 | Identified the +6 quarterstaff of Income {freeze, *Slow
                  | Str+7}
 57276 | Vaults:5 | Identified the +1 buckler "Fyedo" {rElec Regen+ Dex-2
                  | Stlth+}
 57328 | Vaults:5 | Identified the amulet "Boss" {Reflect Drain rPois Str+4
                  | SH+5}
 57478 | Vaults:5 | Identified the +4 broad axe of the Past {speed, rCorr Str+3
                  | Dex+7}
 57911 | Orc:2    | Bought a potion of mutation for 96 gold pieces
 57911 | Orc:2    | Bought a potion of lignification for 36 gold pieces
 58134 | Slime:1  | Entered Level 1 of the Pits of Slime
 58294 | Slime:3  | Received a gift from Okawaru
 58473 | Slime:5  | Entered Level 5 of the Pits of Slime
 58562 | Slime:5  | Reached skill level 22 in Armour
 58825 | Slime:5  | Noticed the Royal Jelly
 58856 | Slime:5  | Paralysed by a floating eye for 4 turns
 59111 | Slime:4  | Gained mutation: Your magical capacity is low. (-10% MP) [a
                  | shining eye]
 59233 | Slime:5  | Received a gift from Okawaru
 59343 | Slime:5  | Found a viscous altar of Jiyva.
 59345 | Slime:5  | Found the +8 whip "Snakebite" {venom, curare, rPois}
 59422 | Slime:5  | Found a viscous altar of Jiyva.
 59451 | Slime:5  | Gained mutation: You are partially covered in iridescent
                  | scales. (AC +2) [a shining eye]
 59511 | Slime:5  | Killed the Royal Jelly
 59519 | Slime:5  | Gained mutation: You are weak. (Str -2) [a shining eye]
 59522 | Slime:5  | Gained mutation: You are frail. (-10% HP) [a shining eye]
 59553 | Slime:5  | Got the Almanac of Supportive Conjuration
 59555 | Slime:5  | Got a slimy rune of Zot
 59690 | Slime:5  | Identified the +4 leather armour "Taoleit" {*Corrode rPois
                  | rC+++ rN++}
 59714 | Slime:5  | Identified the +0 pair of boots "Luinod" {rF+ rN+}
 59719 | Slime:5  | Identified the ring "Riylug" {Wiz rC+ Dex+4}
 59747 | Slime:5  | Got the Tome of Transformation and Beguiling
 60180 | Zot:1    | Entered Level 1 of the Realm of Zot
 60250 | Zot:1    | Received a gift from Okawaru
 60382 | Zot:1    | Identified the -4 hat of Green Life {god gift, rElec rPois
                  | MP+9 Stlth+} (Okawaru gifted it to you on level 1 of the
                  | Realm of Zot)
 60382 | Zot:1    | Received a gift from Okawaru
 60447 | Zot:1    | Reached skill level 25 in Fighting
 60549 | Zot:1    | Reached XP level 27. HP: 173/173 MP: 26/26
 60907 | Zot:1    | Reached skill level 23 in Armour
 61024 | Zot:1    | Noticed an ancient lich
 61061 | Zot:1    | Killed an ancient lich
 61063 | Zot:1    | Noticed an orb of fire
 61240 | Zot:1    | Received a gift from Okawaru
 61808 | Zot:2    | Identified the +1 scale mail "Kowenova" {rF+ rN+ Will+}
 62492 | Zot:2    | Reached skill level 26 in Fighting
 63018 | Zot:2    | Received a gift from Okawaru
 63462 | Zot:2    | Reached skill level 24 in Armour
 64185 | Zot:3    | Received a gift from Okawaru
 64490 | Zot:3    | Reached skill level 9 in Invocations
 64794 | Zot:4    | Identified the +7 rapier of Gakoxukh {vamp, Fly}
 64861 | Zot:4    | Noticed an orb of fire
 65657 | Temple   | Fell from the grace of Okawaru
 65657 | Temple   | Became a worshipper of the Shining One
 65968 | Crypt:1  | Entered Level 1 of the Crypt
 66000 | Crypt:1  | Reached * piety under the Shining One
 66037 | Crypt:1  | Reached ** piety under the Shining One
 66263 | Crypt:1  | Reached skill level 10 in Invocations
 66271 | Crypt:1  | Reached *** piety under the Shining One
 66487 | Crypt:1  | Reached **** piety under the Shining One
 66513 | Crypt:1  | Reached skill level 9 in Evocations
 66791 | Crypt:1  | Reached skill level 11 in Invocations
 66806 | Crypt:1  | Reached ***** piety under the Shining One
 67587 | Depths:4 | Bought the ring "Neseyh" {Slay+4 Stlth+} for 1668 gold
                  | pieces
 67986 | Crypt:2  | Reached ****** piety under the Shining One
 68010 | Crypt:2  | Identified a +9 broad axe of holy wrath (a +7 vampiric
                  | broad axe blessed by the Shining One)
 68010 | Crypt:2  | Received a gift from the Shining One
 68038 | Crypt:2  | Reached skill level 12 in Invocations
 68395 | Crypt:2  | Found a large runed translucent door.
 68399 | Crypt:2  | Found a large runed translucent door.
 68399 | Crypt:2  | Noticed Xenat's ghost (veteran MiGl)
 68563 | Crypt:3  | Entered Level 3 of the Crypt
 68631 | Crypt:3  | Reached skill level 13 in Invocations
 68868 | Crypt:3  | Found an ancient bone altar of Kikubaaqudgha.
 69372 | Crypt:3  | Reached skill level 14 in Invocations
 70298 | Crypt:3  | Found the macabre finger necklace {rN+}
 70345 | Crypt:3  | Reached skill level 27 in Fighting
 70587 | Crypt:3  | Found a staircase to the Tomb.
 70587 | Crypt:3  | Noticed an ancient lich
 70602 | Crypt:3  | Killed an ancient lich
 70603 | Crypt:3  | Reached skill level 15 in Invocations
 70700 | Crypt:3  | Got Qiawkuta's Guide on Evil
 70719 | Crypt:3  | Identified the ring "Tynk" {rN+ Dex+3}
 70719 | Crypt:3  | Identified the ring "Zoutipp" {rN+ Int+3 Stlth+}
 71281 | Hell     | Entered the Vestibule of Hell
 71281 | Hell     | Noticed Geryon
 71297 | Hell     | Reached skill level 16 in Invocations
 71448 | Hell     | Killed Geryon
 71454 | Hell     | Reached skill level 17 in Invocations
 71544 | Hell     | Found a gateway to the freezing wastes of Cocytus.
 71691 | Hell     | Found a gateway to the decaying netherworld of Tartarus.
 71712 | Hell     | Lost mutation: You are partially covered in iridescent
                  | scales. (AC +2) [potion of mutation]
 71712 | Hell     | Gained mutation: You are strong-willed. (Will+) [potion of
                  | mutation]
 71712 | Hell     | Gained mutation: Your spells are a little easier to cast,
                  | but a little less powerful. [potion of mutation]
 71713 | Hell     | Lost mutation: You are frail. (-10% HP) [potion of
                  | mutation]
 71713 | Hell     | Lost mutation: You are strong-willed. (Will+) [potion of
                  | mutation]
 71713 | Hell     | Gained mutation: You are partially covered in iridescent
                  | scales. (AC +2) [potion of mutation]
 71761 | Tar:1    | Entered Level 1 of Tartarus
 71768 | Tar:1    | Reached skill level 18 in Invocations
 71963 | Tar:2    | Reached skill level 19 in Invocations
 72364 | Tar:3    | Was forgiven by Okawaru
 72546 | Tar:5    | Reached skill level 20 in Invocations
 72738 | Tar:7    | Entered Level 7 of Tartarus
 72755 | Tar:7    | Noticed Ereshkigal
 72785 | Tar:7    | Killed Ereshkigal
 72786 | Tar:7    | Reached skill level 21 in Invocations
 72889 | Tar:7    | Got a bone rune of Zot
 73010 | Hell     | Found a gateway to the ashen valley of Gehenna.
 73026 | Hell     | Reached skill level 22 in Invocations
 73184 | Geh:1    | Entered Level 1 of Gehenna
 73603 | Geh:7    | Entered Level 7 of Gehenna
 73713 | Geh:7    | Reached skill level 10 in Evocations
 73776 | Geh:7    | Found the +7 sceptre of Asmodeus
 73776 | Geh:7    | Noticed Asmodeus
 73797 | Geh:7    | Killed Asmodeus
 73798 | Geh:7    | Reached skill level 23 in Invocations
 73812 | Geh:7    | Got an obsidian rune of Zot
 73924 | Geh:7    | HP: 21/199 [hellion/damnation (30)]
 74127 | Coc:1    | Entered Level 1 of Cocytus
 74238 | Coc:2    | You are sucked into a shaft and drop 2 floors!
 74405 | Coc:5    | Reached skill level 25 in Armour
 74506 | Coc:6    | Reached skill level 11 in Evocations
 74531 | Coc:7    | Entered Level 7 of Cocytus
 74616 | Coc:7    | Noticed the Serpent of Hell
 74631 | Coc:7    | Killed the Serpent of Hell
 74675 | Coc:7    | Reached skill level 16 in Dodging
 74685 | Coc:7    | Noticed Antaeus
 74689 | Coc:7    | Reached skill level 12 in Evocations
 74710 | Coc:7    | Killed Antaeus
 74749 | Coc:7    | Got an icy rune of Zot
 74761 | Coc:7    | Identified the +1 cloak of Inviolability {rF+ Regen+ Dex+3
                  | Slay+6}
 74923 | Hell     | Found a gateway to the Iron City of Dis.
 74935 | Dis:1    | Entered Level 1 of the Iron City of Dis
 75001 | Dis:3    | You are sucked into a shaft and drop 1 floor!
 75357 | Dis:7    | Entered Level 7 of the Iron City of Dis
 75414 | Dis:7    | Reached skill level 13 in Evocations
 75431 | Dis:7    | Reached skill level 26 in Armour
 75682 | Dis:7    | Reached skill level 14 in Evocations
 75752 | Dis:7    | Found the +4 staff of Dispater
 75752 | Dis:7    | Noticed Dispater
 75765 | Dis:7    | Reached skill level 24 in Invocations
 75769 | Dis:7    | Killed Dispater
 75783 | Dis:7    | Identified the +5 morningstar of Gozag's Generosity {venom,
                  | rElec rN++ rCorr Dex-4}
 75785 | Dis:7    | Identified the amulet "Anwetet" {Spirit Harm rN+++ Will-
                  | Slay-2}
 75792 | Dis:7    | Identified the ring "Zeohibb" {rN+ Dex+7}
 75795 | Dis:7    | Got an iron rune of Zot
 76021 | Pan      | Entered Pandemonium
 76034 | Pan      | Noticed Fugho the pandemonium lord
 76132 | Pan      | Noticed Jiaseh the pandemonium lord
 76144 | Pan      | Killed Jiaseh the pandemonium lord
 76572 | Pan      | Noticed Juef the pandemonium lord
 76584 | Pan      | Reached skill level 15 in Evocations
 76588 | Pan      | Reached skill level 27 in Armour
 76592 | Pan      | Killed Juef the pandemonium lord
 76733 | Pan      | Found a runed translucent door.
 76926 | Pan      | Reached skill level 16 in Evocations
 76959 | Pan      | Gained mutation: You are clumsy. (Dex -2) [a cacodemon]
 77093 | Pan      | Noticed Sosa the pandemonium lord
 77106 | Pan      | Killed Sosa the pandemonium lord
 77514 | Pan      | Noticed Huiraydd the pandemonium lord
 77538 | Pan      | Killed Huiraydd the pandemonium lord
 77539 | Pan      | Reached skill level 17 in Evocations
 77732 | Pan      | Reached skill level 25 in Invocations
 77943 | Pan      | Gained mutation: You are frail. (-10% HP) [a cacodemon]
 77995 | Pan      | Entered the realm of Gloorx Vloq.
 78031 | Pan      | Acquired 1045 gold pieces
 78168 | Pan      | Reached skill level 18 in Evocations
 78169 | Pan      | Noticed Gloorx Vloq
 78179 | Pan      | Killed Gloorx Vloq
 78202 | Pan      | Got a dark rune of Zot
 78284 | Pan      | Entered the realm of Mnoleg.
 78436 | Pan      | Noticed Mnoleg
 78442 | Pan      | Gained mutation: You are dopey. (Int -2) [a cacodemon]
 78443 | Pan      | Gained mutation: Your spells are easier to cast, but less
                  | powerful. [a cacodemon]
 78453 | Pan      | Killed Mnoleg
 78468 | Pan      | Got a glowing rune of Zot
 78480 | Pan      | Gained mutation: You tend to lose your temper in combat. [a
                  | neqoxec]
 78481 | Pan      | Gained mutation: You are very frail. (-20% HP) [a neqoxec]
 78486 | Pan      | Lost mutation: You tend to lose your temper in combat.
                  | [potion of mutation]
 78486 | Pan      | Lost mutation: Your magical capacity is low. (-10% MP)
                  | [potion of mutation]
 78486 | Pan      | Gained mutation: You passively dampen the noise of your
                  | surroundings. [potion of mutation]
 78487 | Pan      | Lost mutation: You are clumsy. (Dex -2) [potion of
                  | mutation]
 78487 | Pan      | Lost mutation: You are dopey. (Int -2) [potion of mutation]
 78487 | Pan      | Lost mutation: Your spells are easier to cast, but less
                  | powerful. [potion of mutation]
 78487 | Pan      | Lost mutation: You are weak. (Str -2) [potion of mutation]
 78488 | Pan      | Lost mutation: You are partially covered in iridescent
                  | scales. (AC +2) [potion of mutation]
 78488 | Pan      | Lost mutation: You are very frail. (-20% HP) [potion of
                  | mutation]
 78488 | Pan      | Gained mutation: You occasionally shout uncontrollably at
                  | your foes. [potion of mutation]
 78488 | Pan      | Lost mutation: Your spells are a little easier to cast, but
                  | a little less powerful. [potion of mutation]
 78542 | Pan      | Entered the realm of Cerebov.
 78635 | Pan      | Identified the +0 chain mail of Boer {rElec rC- Dex+4}
 78684 | Pan      | Identified the +9 dagger of Xom's Reproof {venom, Dex+3}
 78689 | Pan      | Found the +6 sword of Cerebov {flame}
 78689 | Pan      | Noticed Cerebov
 78695 | Pan      | Reached skill level 19 in Evocations
 78709 | Pan      | Killed Cerebov
 78755 | Pan      | Got a fiery rune of Zot
 78879 | Pan      | Entered the realm of Lom Lobon.
 78977 | Pan      | Reached skill level 26 in Invocations
 79014 | Pan      | Noticed Lom Lobon
 79042 | Pan      | You are cast into the Abyss!
 79042 | Pan      | Cast into level 3 of the Abyss (a wizard)
 79179 | Abyss:4  | Found a shadowy altar of Dithmenos.
 79319 | Abyss:4  | Gained mutation: Your spells are a little easier to cast,
                  | but a little less powerful. [a neqoxec]
 79383 | Abyss:4  | Found a corrupted altar of Lugonu.
 79434 | Abyss:4  | Reached skill level 20 in Evocations
 79455 | Abyss:4  | Got an abyssal rune of Zot
 79466 | Pan      | Escaped the Abyss
 79471 | Pan      | Got a magical rune of Zot
 79643 | Pan      | Gained mutation: You are clumsy. (Dex -2) [a neqoxec]
 79655 | Pan      | Noticed Rihoobuv the pandemonium lord
 79663 | Pan      | Killed Rihoobuv the pandemonium lord
 79955 | Pan      | Found an exit through the horrors of the Abyss.
 80056 | Pan      | Noticed Zoulin the pandemonium lord
 80071 | Pan      | Killed Zoulin the pandemonium lord
 80072 | Pan      | Reached skill level 21 in Evocations
 80076 | Pan      | Got a demonic rune of Zot
 80109 | Pan      | Found an exit through the horrors of the Abyss.
 80120 | Pan      | Took an exit into the Abyss.
 80120 | Abyss:1  | Escaped into the Abyss
 80187 | Depths:2 | Escaped the Abyss
 80188 | Depths:2 | Lost mutation: You occasionally shout uncontrollably at
                  | your foes. [potion of mutation]
 80188 | Depths:2 | Lost mutation: Your spells are a little easier to cast, but
                  | a little less powerful. [potion of mutation]
 80188 | Depths:2 | Gained mutation: You are strong-willed. (Will+) [potion of
                  | mutation]
 80188 | Depths:2 | Gained mutation: You are partially covered in iridescent
                  | scales. (AC +2) [potion of mutation]
 80188 | Depths:2 | Lost mutation: You are strong-willed. (Will+) [potion of
                  | mutation]
 80188 | Depths:2 | Gained mutation: You have a beak for a mouth. [potion of
                  | mutation]
 80398 | Zot:5    | Entered Level 5 of the Realm of Zot
 80464 | Zot:5    | Noticed an orb of fire
 80469 | Zot:5    | Gained mutation: Your spells are a little easier to cast,
                  | but a little less powerful. [an orb of fire]
 80472 | Zot:5    | Gained mutation: Your body sometimes deteriorates upon
                  | taking damage. [an orb of fire]
 80473 | Zot:5    | Killed an orb of fire
 81666 | Zot:5    | Noticed an orb of fire
 81669 | Zot:5    | Noticed an orb of fire
 81674 | Zot:5    | Noticed an ancient lich
 81675 | Zot:5    | Gained mutation: Your magical capacity is low. (-10% MP)
                  | [an orb of fire]
 81676 | Zot:5    | Gained mutation: You tend to lose your temper in combat.
                  | [an orb of fire]
 81678 | Zot:5    | Noticed an orb of fire
 81678 | Zot:5    | Noticed an ancient lich
 81679 | Zot:5    | Gained mutation: You sometimes lose the ability to read
                  | scrolls when taking damage. [an orb of fire]
 81680 | Zot:5    | Killed an orb of fire
 81681 | Zot:5    | Reached skill level 27 in Invocations
 81686 | Zot:5    | Killed an ancient lich
 81687 | Zot:5    | Reached skill level 22 in Evocations
 81688 | Zot:5    | Killed an ancient lich
 81701 | Zot:5    | Killed an orb of fire
 81704 | Zot:5    | Killed an orb of fire
 81857 | Zot:5    | Reached skill level 23 in Evocations
 81866 | Zot:5    | Noticed a dread lich
 81876 | Zot:5    | Killed a dread lich
 81938 | Zot:5    | Noticed an orb of fire
 81955 | Zot:5    | Killed an orb of fire
 81961 | Zot:5    | Noticed an orb of fire
 81965 | Zot:5    | Gained mutation: Your mind is acute. (Int +2) [an orb of
                  | fire]
 81969 | Zot:5    | Reached skill level 24 in Evocations
 81969 | Zot:5    | Gained mutation: Armour fits poorly on your strangely
                  | shaped body. [an orb of fire]
 81971 | Zot:5    | Gained mutation: You are weak. (Str -2) [an orb of fire]
 82235 | Zot:5    | Gained mutation: You are occasionally teleported next to
                  | monsters. [an orb of fire]
 82244 | Zot:5    | Gained mutation: You often lose your temper in combat. [an
                  | orb of fire]
 82246 | Zot:5    | Killed an orb of fire
 82497 | Zot:5    | Lost mutation: You are clumsy. (Dex -2) [potion of
                  | mutation]
 82497 | Zot:5    | Lost mutation: Your body sometimes deteriorates upon taking
                  | damage. [potion of mutation]
 82497 | Zot:5    | Lost mutation: You sometimes lose the ability to read
                  | scrolls when taking damage. [potion of mutation]
 82498 | Zot:5    | Lost mutation: Your magical capacity is low. (-10% MP)
                  | [potion of mutation]
 82498 | Zot:5    | Lost mutation: You are weak. (Str -2) [potion of mutation]
 82498 | Zot:5    | Lost mutation: You are occasionally teleported next to
                  | monsters. [potion of mutation]
 82498 | Zot:5    | Lost mutation: Your mind is acute. (Int +2) [potion of
                  | mutation]
 82498 | Zot:5    | Gained mutation: You expend magic power (3 MP) to
                  | strengthen your wands. [potion of mutation]
 82499 | Zot:5    | Lost mutation: You are partially covered in iridescent
                  | scales. (AC +2) [potion of mutation]
 82499 | Zot:5    | Lost mutation: You often lose your temper in combat.
                  | [potion of mutation]
 82499 | Zot:5    | Gained mutation: You are agile. (Dex +2) [potion of
                  | mutation]
 82499 | Zot:5    | Gained mutation: You have a pair of small antennae on your
                  | head. [potion of mutation]
 82500 | Zot:5    | Lost mutation: You expend magic power (3 MP) to strengthen
                  | your wands. [potion of mutation]
 82500 | Zot:5    | Lost mutation: You are agile. (Dex +2) [potion of mutation]
 82500 | Zot:5    | Gained mutation: You have an increased reservoir of magic.
                  | (+10% MP) [potion of mutation]
 82500 | Zot:5    | Gained mutation: You are partially covered in iridescent
                  | scales. (AC +2) [potion of mutation]
 82500 | Zot:5    | Gained mutation: You are mostly covered in iridescent
                  | scales. (AC +4) [potion of mutation]
 82501 | Zot:5    | Lost mutation: You are frail. (-10% HP) [potion of
                  | mutation]
 82501 | Zot:5    | Lost mutation: You tend to lose your temper in combat.
                  | [potion of mutation]
 82501 | Zot:5    | Lost mutation: Armour fits poorly on your strangely shaped
                  | body. [potion of mutation]
 82501 | Zot:5    | Lost mutation: You have an increased reservoir of magic.
                  | (+10% MP) [potion of mutation]
 82501 | Zot:5    | Gained mutation: Your muscles are strong. (Str +2) [potion
                  | of mutation]
 82535 | Zot:5    | Got the Orb of Zot
 82697 | Zot:1    | Noticed Weoxur the pandemonium lord
 82704 | Zot:1    | Killed Weoxur the pandemonium lord
 82719 | Zot:1    | Noticed Ciep Jif the pandemonium lord
 82727 | Zot:1    | Killed Ciep Jif the pandemonium lord
 82883 | Depths:1 | Reached skill level 25 in Evocations
 83220 | Tomb:1   | Entered Level 1 of the Tomb of the Ancients
 83385 | Tomb:1   | Noticed Keugoost the pandemonium lord
 83408 | Tomb:2   | Noticed a royal mummy
 83408 | Tomb:2   | Noticed a royal mummy
 83408 | Tomb:2   | Noticed a royal mummy
 83410 | Tomb:2   | Noticed a royal mummy
 83411 | Tomb:2   | Noticed a royal mummy
 83421 | Tomb:1   | Identified the +4 tower shield of Bodghilie {rN++ Int+4}
 83424 | Tomb:1   | Killed Keugoost the pandemonium lord
 83438 | Tomb:2   | Killed a royal mummy
 83446 | Tomb:2   | Killed a royal mummy
 83451 | Tomb:2   | Killed a royal mummy
 83452 | Tomb:2   | Reached skill level 26 in Evocations
 83452 | Tomb:2   | Killed a royal mummy
 83453 | Tomb:2   | Killed a royal mummy
 83592 | Tomb:1   | Noticed a royal mummy
 83596 | Tomb:1   | Killed a royal mummy
 83621 | Tomb:1   | Noticed a royal mummy
 83627 | Tomb:1   | Killed a royal mummy
 83634 | Tomb:2   | Noticed Rocriesm the pandemonium lord
 83683 | Tomb:2   | Killed Rocriesm the pandemonium lord
 83706 | Tomb:1   | Noticed a royal mummy
 83707 | Tomb:1   | Noticed a royal mummy
 83713 | Tomb:1   | Killed a royal mummy
 83716 | Tomb:1   | Killed a royal mummy
 83740 | Tomb:1   | Noticed Zash the pandemonium lord
 83748 | Tomb:1   | Killed Zash the pandemonium lord
 83755 | Tomb:1   | Noticed a royal mummy
 83758 | Tomb:1   | Noticed a royal mummy
 83760 | Tomb:1   | Noticed a royal mummy
 83761 | Tomb:1   | Noticed a royal mummy
 83764 | Tomb:1   | Killed a royal mummy
 83765 | Tomb:1   | Reached skill level 27 in Evocations
 83766 | Tomb:1   | Killed a royal mummy
 83767 | Tomb:1   | Noticed a royal mummy
 83769 | Tomb:1   | Killed a royal mummy
 83770 | Tomb:1   | Killed a royal mummy
 83774 | Tomb:1   | Killed a royal mummy
 83816 | Tomb:1   | Noticed a royal mummy
 83825 | Tomb:1   | Killed a royal mummy
 83839 | Tomb:1   | Noticed a royal mummy
 83844 | Tomb:1   | Killed a royal mummy
 83880 | Tomb:1   | Noticed a royal mummy
 83882 | Tomb:1   | Noticed a royal mummy
 83893 | Tomb:1   | Killed a royal mummy
 83896 | Tomb:1   | Killed a royal mummy
 83897 | Tomb:1   | Reached skill level 17 in Dodging
 83927 | Tomb:1   | Noticed a royal mummy
 83933 | Tomb:1   | Killed a royal mummy
 83934 | Tomb:1   | Noticed a royal mummy
 83942 | Tomb:1   | Killed a royal mummy
 83967 | Tomb:1   | Noticed Poacenne the pandemonium lord
 83972 | Tomb:1   | Killed Poacenne the pandemonium lord
 83996 | Tomb:1   | Noticed a royal mummy
 83997 | Tomb:1   | Noticed a royal mummy
 84003 | Tomb:1   | Killed a royal mummy
 84011 | Tomb:1   | Killed a royal mummy
 84019 | Tomb:1   | Noticed a royal mummy
 84026 | Tomb:1   | Noticed a royal mummy
 84030 | Tomb:1   | Killed a royal mummy
 84031 | Tomb:1   | Killed a royal mummy
 84057 | Tomb:1   | Noticed a royal mummy
 84057 | Tomb:1   | Noticed a royal mummy
 84068 | Tomb:1   | Killed a royal mummy
 84073 | Tomb:1   | Reached skill level 18 in Dodging
 84078 | Tomb:1   | Killed a royal mummy
 84091 | Tomb:2   | Noticed Idafut the pandemonium lord
 84114 | Tomb:3   | Entered Level 3 of the Tomb of the Ancients
 84131 | Tomb:3   | Noticed Ozeyhing the pandemonium lord
 84133 | Tomb:3   | Noticed a royal mummy
 84141 | Tomb:3   | Killed a royal mummy
 84142 | Tomb:3   | Reached skill level 19 in Dodging
 84145 | Tomb:3   | Noticed a royal mummy
 84148 | Tomb:3   | Killed Ozeyhing the pandemonium lord
 84156 | Tomb:3   | Killed a royal mummy
 84186 | Tomb:3   | Noticed Lapnick the pandemonium lord
 84186 | Tomb:3   | Noticed a royal mummy
 84196 | Tomb:3   | Killed a royal mummy
 84200 | Tomb:3   | Killed Lapnick the pandemonium lord
 84231 | Tomb:3   | Noticed Khufu
 84239 | Tomb:3   | Killed Khufu
 84240 | Tomb:3   | Reached skill level 20 in Dodging
 84245 | Tomb:3   | Noticed a royal mummy
 84246 | Tomb:3   | Noticed a royal mummy
 84251 | Tomb:3   | Killed a royal mummy
 84251 | Tomb:3   | Killed a royal mummy
 84262 | Tomb:3   | Got a golden rune of Zot
 84290 | Tomb:3   | Gained mutation: You are frail. (-10% HP) [mutagenic glow]
 84298 | Tomb:2   | Gained mutation: You are dopey. (Int -2) [mutagenic glow]
 84308 | Tomb:2   | Gained mutation: You are very dopey. (Int -4) [mutagenic
                  | glow]
 84335 | Tomb:1   | Noticed Aroph the pandemonium lord
 84343 | Tomb:1   | Killed Aroph the pandemonium lord
 84450 | Crypt:3  | Reached skill level 21 in Dodging
 84959 | D:$      | Escaped with the Orb!

Illustrated notes

Levels and vault maps discovered:
D:1:      lightli_arrival_chessboard, layout_basic
D:2:      layout_rooms, serial_co_window_serial, co_window_corner_a,
          co_window_paths_b, co_window_corner_a, co_window_corner_a,
          co_window_corner_a, co_window_broadway_b, co_window_unsneaky_path_d,
          co_window_broadway_b, co_window_broadway_a, co_window_unsneaky_path_c,
          co_window_broadway_b, glass_columns_a, glass_columns_b
D:3:      layout_loops_cross, cheibrodos_sewer_entry_drain,
          roderic_roman_lattice
D:4:      layout_rooms, mainiacjoe_overflow_boulevard,
          nicolae_yredelemnul_ghost_church
D:5:      minmay_clustersquares, layout_cave_pods, vehumet_crystals
D:6:      kennysheep_housing_project, layout_rooms,
          mainiacjoe_overflow_brackets, minmay_temple_entry_stoned_glass,
          hangedman_abyss_or_decor_stagger, uniq_blork_the_orc
D:7:      layout_basic, elyvilon_altar_1, okawaru_altar_gauntlet_db,
          grunt_ministairs_14, uniq_duvessa, uniq_pikel
D:8:      cheibrodos_statue_roulette, layout_loops_ring, zin_academy,
          serial_shops, shop
D:9:      layout_cave_pools, led_sif_pool
D:10:     layout_rooms, kiku_gazebo_garden_becter,
          pdpol_wu_jian_five_deadly_venoms, the_hattery
D:11:     minmay_quarter_circles, layout_irregular_city, david_orc_3,
          enter_bailey_4, chequers_jeans
D:12:     minmay_the_grid_triangle_9x9_recursive_2_mashed
          [minmay_the_grid_triangle_9x9_prize_special,
          minmay_the_grid_triangle_9x9_steps,
          minmay_the_grid_triangle_9x9_stretched_checkered,
          minmay_the_grid_triangle_9x9_flanged_cone], layout_basic
D:13:     minmay_swirls_squares, layout_cave_pools, minmay_evil_grid, uniq_urug
D:14:     layout_long_grid, gammafunk_ghost_hive, laboratory
D:15:     grunt_enter_depths_magical_seal, layout_cross, chequers_big_river,
          nzn_life_drinkers, uniq_agnes
Temple:   minmay_temple_forest_path
Lair:1:   layout_cave_pods, st_stairs_4, grunt_megastairs_1
Lair:2:   layout_chaotic_city, lemuel_fruit_fields, minmay_lair_oklob_chamber
Lair:3:   layout_loops_ring, skrybe_swamp_entry_bodies,
          spider_nest_entry_web_field, uniq_rupert
Lair:4:   layout_regular_city, serial_bayou_pond_e, st_stairs_12,
          kennysheep_abandoned_house
Lair:5:   layout_roguey, kilobyte_rumbling_trees
Lair:6:   grunt_lair_end_beastmaster, layout_gridlike, slime_altar_1,
          st_stairs_3, bh_autumn_forest_stairs
Swamp:1:  layout_basic_swamp, evilmike_swamp_ruin_house_5
Swamp:2:  layout_basic_swamp, evilmike_swamp_ruin_house_2, uniq_kirke
Swamp:3:  layout_basic_swamp, evilmike_swamp_ruin_rubble_2, swamp_pool1,
          nicolae_swamp_baby_hydras
Swamp:4:  swamp_alternative, layout_basic_swamp, nicolae_swamp_oxbows
Spider:1: layout_spider_delve
Spider:2: layout_spider_delve, hangedman_spider_trapstep
Spider:3: layout_spider_delve
Spider:4: spider_rune_water
Slime:1:  layout_caves
Slime:2:  layout_caves
Slime:3:  layout_caves
Slime:4:  layout_caves
Slime:5
Orc:1:    layout_diamond_mine
Orc:2:    grunt_orc_tribal_feast, layout_caves, uniq_saint_roka, uniq_erolcha
Vaults:1: hangedman_vaults_stitches, hangedman_vaults_restitches,
          nicolae_vaults_circle_grid_b, vaults_mumra_minichess,
          hangedman_vaults_stream, nicolae_vaults_circle_grid_b,
          nicolae_vaults_meeting, vaults_dpeg_encased_lava,
          layout_vaults_quadrants
Vaults:2: v_misc_14, vaults_mumra_hex, ontoclasm_vaults_decontamination,
          ontoclasm_vaults_shuriken, v_misc_33, vaults_room_large_hall,
          nicolae_vaults_windows_and_doors_thing, hangedman_vaults_river_flow,
          nicolae_vaults_alarming, vaults_standard_mumra_x,
          nicolae_vaults_rhombus_6, st_lattice, layout_vaults_omnibox,
          uniq_xtahua, uniq_donald, uniq_mennas
Vaults:3: vaults_room_pool, v_misc_4, v_alt_pattern_3,
          grunt_vaults_hallway_short, nicolae_vaults_little_squares_4,
          vaults_mumra_minichess_inversion, minmay_crypt_entry_necro_gods,
          ontoclasm_vaults_claustrophobia, vaults_room_door_hall,
          nicolae_vaults_what_the_h, v_misc_13, layout_vaults_ring,
          serial_shops, shop, uniq_nikola
Vaults:4: gammafunk_dig_for_victory, vaults_room_door_hall, v_misc_13,
          layout_vaults_chaotic_city, serial_shops, shop
Vaults:5
Crypt:1:  layout_regular_city, eino_tiny_chamber, grunt_crypt_arrival_split,
          grunt_megastairs_2
Crypt:2:  layout_rooms, ebering_ghost_disaster_area, minivault_11,
          nrook_guardian_serpent_ordinary
Crypt:3:  grunt_crypt_end_deaths_head
Tomb:1
Tomb:2
Tomb:3:   uniq_frederick
Depths:1: layout_basic, nemelex_spade_bored_becter, grunt_hell_entry_dis_old,
          serial_shops, shop, minmay_misc_feat_plants, patterned_corridor
Depths:2: minmay_skeleton_keep, layout_gridville, enter_ziggurat_a,
          small_statue_intersection, special_room [special_room_mythical_zoo],
          pan_entry, mu_enter_wizlab_2, hell_entry, infiniplex_staircase_pool_2,
          serial_bayou_shore_b, uniq_mara
Depths:3: grunt_deathspiral_large, layout_cave_shapes, corexii_corridor_pit,
          rand_demon_pan_entry_7, hell_entry, hangedman_decor_riveting,
          nicolae_qazlal_style_of_elements
Depths:4: hangedman_surveillance_ring, layout_twisted_cross,
          abyss_entry_flame_altar, minmay_crystal_room, hell_entry,
          minmay_shoptagon, serial_bayou_shore_b, minmay_staircase_bubble
Depths:5: grunt_zot_entry_pinwheel, layout_basic, hell_entry,
          nicolae_uskayaw_suspiria, grunt_megastairs_5
Hell
Dis:1:    layout_regular_city
Dis:2:    layout_subdivisions
Dis:3:    layout_chaotic_city, hangedman_dis_decor_blocks_talon
Dis:4:    layout_gridville, hangedman_dis_decor_blocks_mantle
Dis:5:    layout_overlapping_boxes
Dis:6:    layout_chaotic_city, door_vault
Dis:7:    dis_grunt_layers
Geh:1:    layout_gehenna_pools_triple
Geh:2:    layout_gehenna_pools_box
Geh:3:    layout_gehenna_lava_caves
Geh:4:    layout_gehenna_pools_basic
Geh:5:    layout_gehenna_pools_basic
Geh:6:    layout_gehenna_pools_triple, lemuel_old_faithful
Geh:7:    geh_grunt
Coc:1:    layout_cocytus_water_paths
Coc:2:    layout_ice_bergs
Coc:4:    layout_ice_bergs
Coc:5:    layout_ice_bergs
Coc:6:    layout_ice_bergs
Coc:7:    coc_grunt_cove [coc_grunt_cove_antaeus, coc_grunt_cove_fiend,
          coc_grunt_cove_fiend, coc_grunt_cove_fiend, coc_grunt_cove_fiend]
Tar:1:    layout_grid_maze
Tar:2:    layout_grid_maze
Tar:3:    layout_catacombs
Tar:4:    layout_cathedral_of_symmetry
Tar:5:    layout_cathedral_of_symmetry
Tar:6:    layout_grid_maze
Tar:7:    tar_grunt_cathedral
Zot:1:    regret_index_qazlal_generations, layout_misc_corridors
Zot:2:    layout_basic, st_stairs_4
Zot:3:    layout_gridville
Zot:4:    layout_cathedral_of_symmetry
Zot:5:    layout_gridville

Skill      XL: |  1  2  3  4  5  6  7  8  9 10 11 12 13 14 15 16 17 18 19 20 21 22 23 24 25 26 27 |
---------------+----------------------------------------------------------------------------------+-----
Axes           | 3 4 5 6 7 9 10 11 12 13 15 16 17 18 | 18.0
Fighting       | 3 5 6 8 9 10 11 12 14 15 16 17 18 19 20 21 22 23 25 27 | 27.0
Evocations     | 2 3 4 5 6 7 8 27 | 27.0
Armour         | 3 6 8 11 13 14 15 16 17 18 20 21 22 27 | 27.0
Invocations    | 3 5 7 8 27 | 27.0
Shields        | 2 4 6 9 11 12 13 15 16 17 18 19 20 | 20.0
Dodging        | 6 8 9 11 12 13 14 15 21 | 21.1
Throwing       | |  1.7

Action                   |  1- 3 |  4- 6 |  7- 9 | 10-12 | 13-15 | 16-18 | 19-21 | 22-24 | 25-27 || total
-------------------------+-------+-------+-------+-------+-------+-------+-------+-------+-------++-------
Melee: War axe           |   101 |   221 |   354 |   443 |       |       |       |       |       ||  1119
       Hand axe          |       |       |       |   125 |       |       |       |       |       ||   125
       Punch             |       |       |       |     4 |       |       |       |       |       ||     4
       Broad axe         |       |       |       |   102 |   987 |  1335 |  1335 |  1482 |  5639 || 10880
       Whip              |       |       |       |       |    95 |    46 |       |       |       ||   141
       Peck              |       |       |       |       |       |       |       |       |   249 ||   249
       Unarmed           |       |       |       |       |       |       |       |       |     1 ||     1
Throw: Throwing net      |       |       |     2 |     4 |     1 |     2 |       |       |     4 ||    13
       Dart              |       |       |       |     2 |     2 |       |       |       |       ||     4
Invok: Heroism           |       |       |       |    14 |    30 |    32 |    28 |    35 |    47 ||   186
       Finesse           |       |       |       |       |     4 |     1 |     4 |     7 |     5 ||    21
       Cleansing Flame   |       |       |       |       |       |       |       |       |   146 ||   146
       Summon Divine War |       |       |       |       |       |       |       |       |    31 ||    31
       Divine Shield     |       |       |       |       |       |       |       |       |    15 ||    15
       Brand Weapon With |       |       |       |       |       |       |       |       |     1 ||     1
 Abil: Evoke Blink       |       |       |       |       |       |       |       |       |     2 ||     2
Evoke: Wand              |       |       |    11 |    21 |    12 |    22 |     4 |    40 |    36 ||   146
       Tin of tremorston |       |       |       |       |     3 |     9 |     5 |     8 |    14 ||    39
       Phantom mirror    |       |       |       |       |     1 |     3 |     2 |     3 |     6 ||    15
       Phial of floods   |       |       |       |       |     1 |       |     2 |     3 |     1 ||     7
       Condenser vane    |       |       |       |       |       |     3 |     5 |     6 |     3 ||    17
       Box of beasts     |       |       |       |       |       |       |     2 |     2 |     7 ||    11
  Use: Potion            |       |     1 |     4 |     7 |     6 |     1 |     7 |     1 |    63 ||    90
       Scroll            |       |       |    11 |    10 |    17 |     6 |    10 |    18 |    61 ||   133
 Stab: Held in net/web   |       |       |     1 |     2 |     2 |       |       |       |     1 ||     6
       Petrified         |       |       |       |       |    10 |       |       |       |     6 ||    16
       Invisible         |       |       |       |       |     4 |       |       |       |    31 ||    35
       Distracted        |       |       |       |       |       |     1 |     1 |       |     3 ||     5
       Confused          |       |       |       |       |       |     1 |       |     3 |       ||     4
       Paralysed         |       |       |       |       |       |       |       |     3 |    11 ||    14
       Petrifying        |       |       |       |       |       |       |       |       |     2 ||     2
Armor: Leather armour    |    37 |     1 |       |       |       |       |       |       |       ||    38
       Scale mail        |       |   122 |   157 |       |    79 |   729 |       |       |       ||  1087
       Plate armour      |       |       |    56 |    94 |   133 |       |       |       |       ||   283
       Chain mail        |       |       |    35 |   380 |   407 |       |   479 |   540 |       ||  1841
       Ring mail         |       |       |       |       |    62 |       |       |       |       ||    62
       Skin              |       |       |       |       |       |       |       |    11 |       ||    11
       Gold dragon scale |       |       |       |       |       |       |       |    60 |  3013 ||  3073
Dodge: Dodged            |    81 |   115 |   187 |   240 |   442 |   833 |   555 |   747 |  1864 ||  5064
       Repelled          |       |       |       |       |     2 |     6 |     2 |    17 |       ||    27
Block: Buckler           |       |       |       |       |   227 |    40 |       |       |       ||   267
       Kite shield       |       |       |       |       |       |   932 |   309 |       |       ||  1241
       Reflection        |       |       |       |       |       |    11 |     9 |       |    98 ||   118
       Tower shield      |       |       |       |       |       |       |   853 |  1823 |  7733 || 10409
